 Dungeon Crawl Stone Soup version 0.29-a0-575-g0dc89cf053 (webtiles) character file.

Game seed: 14041527044446383256

3308 greasedhog the Scholar of Death (level 9, -2/74 HPs)
             Began as a Demonspawn Necromancer on June 12, 2022.
             Was a Follower of Kikubaaqudgha.
             Slain by a killer bee (7 damage)
             ... on level 7 of the Dungeon on June 13, 2022.
             The game lasted 00:33:20 (10411 turns).

greasedhog the Scholar of Death (DsNe)             Turns: 10411, Time: 00:33:21

Health: -2/74      AC:  6    Str:  9    XL:     9   Next: 70%
Magic:  16/18      EV: 12    Int: 22    God:    Kikubaaqudgha [*.....]
Gold:   285        SH:  4    Dex: 14    Spells: 5/20 levels left

rFire   + . .      SeeInvis +   i - +1 mace (drain)
rCold   + . .      Faith    .   (no shield)
rNeg    + . .      Spirit   .   p - +1 robe {rC+}
rPois   .          Reflect  .   (helmet unavailable)
rElec   .          Harm     .   o - +1 cloak {Stlth+}
rCorr   .          Rampage  .   (no gloves)
Will    .....                   C - +0 pair of boots
Stlth   ++++......              (no amulet)
HPRegen 0.22/turn               g - ring of protection from fire
MPRegen 0.32/turn               h - ring of positive energy

@: lethally poisoned (-2 -> -3), animating dead
A: antennae 3, magic regeneration, big brain 1, condensation shield
a: Renounce Religion, Unearth Wretches


You were on level 7 of the Dungeon.
You worshipped Kikubaaqudgha.
Kikubaaqudgha was aware of your devotion.
You visited 2 branches of the dungeon, and saw 9 of its levels.

You collected 388 gold pieces.
You spent 103 gold pieces at shops.

Inventory:

Hand Weapons
 i - a +1 mace of draining (weapon)
Armour
 m - a scarf of repulsion
 o - a +1 cloak of stealth (worn)
 p - a +1 robe of cold resistance (worn)
 C - a +0 pair of boots (worn)
Jewellery
 g - a ring of protection from fire (left hand)
 h - a ring of positive energy (right hand)
 u - a ring of protection from cold
Wands
 l - a wand of iceblast (2)
 D - a wand of flame (16)
Scrolls
 c - 5 scrolls of teleportation
 f - a scroll of vulnerability
 j - a scroll of poison
 n - a scroll of summoning {unknown}
 q - a scroll of fear {unknown}
 r - a scroll of amnesia
 v - a scroll of fog {unknown}
 x - a scroll of magic mapping {unknown}
 y - a scroll of immolation {unknown}
Potions
 b - 2 potions of magic
 d - 2 potions of ambrosia {unknown}
 e - 2 potions of mutation {unknown}
 k - a potion of flight {unknown}
 s - a potion of degeneration {unknown}
 t - a potion of berserk rage {unknown}
 w - a potion of lignification {unknown}
 z - a potion of haste {unknown}
 A - a potion of invisibility {unknown}
 B - 2 potions of heal wounds


   Skills:
 * Level 7.8 Fighting
 - Level 1.7 Dodging
 - Level 5.1 Stealth
 * Level 6.1 Spellcasting
 * Level 9.8 Necromancy


You had 5 spell levels left.
You knew the following spells:

 Your Spells              Type           Power      Damage    Failure   Level
a - Necrotize             Necr           100%       1d9       1%          1
b - Vampiric Draining     Necr           50%        2d9       1%          3
c - Animate Dead          Necr           50%        N/A       1%          4
d - Agony                 Necr           50%        N/A       4%          5
e - Sublimation of Blood  Necr           50%        N/A       1%          2

Your spell library contained the following spells:

 Spells                   Type           Power      Damage    Failure   Level
 Beastly Appendage        Tmut           12%        N/A       9%          1
 Poisonous Vapours        Pois/Air       12%        N/A       14%         2
 Wereblood                Tmut           6%         N/A       14%         2
 Corpse Rot               Necr/Pois/Air  21%        N/A       24%         4
 Inner Flame              Hex/Fire       6%         N/A       26%         3
 Portal Projectile        Hex/Tloc       12%        N/A       26%         3
 Spider Form              Tmut/Pois      6%         N/A       26%         3
 Tukima's Dance           Hex            6%         N/A       26%         3
 Cause Fear               Hex            3%         N/A       65%         4
 Blade Hands              Tmut           3%         N/A       94%         5
 Discord                  Hex            3%         N/A       100%        8


Dungeon Overview and Level Annotations

Branches:
Dungeon (8/15)             Temple (1/1) D:5
   Lair: D:8-11

Altars:
Ashenzari
Cheibriados
Dithmenos
Elyvilon
Fedhas
Gozag
Hepliaklqana
Kikubaaqudgha
Makhleb
Nemelex Xobeh
Okawaru
Qazlal
Ru
Sif Muna
Trog
Uskayaw
Vehumet
Wu Jian
Xom
Yredelemnul
Zin
The Shining One

Shops:
D:3 (   D:4 (*   D:6 [

Annotations:
D:2 Grinder
D:5 3 runed translucent doors, gebbletook2's ghost, novice VSFi
D:6 1 runed translucent door, xian's ghost, novice GrFi


Innate Abilities, Weirdness & Mutations

You have a pair of large antennae on your head. (SInv)
You regenerate magic rapidly.
You have an unusually large brain. (Int +2)
A meltable shield of frost defends you. (SH +4)


Message History

The killer bee stings you but does no damage.
The killer bee stings you.
The killer bee writhes in agony.
You feel very sick. The killer bee closely misses you.
The killer bee barely misses you.
The killer bee closely misses you. x2; The killer bee stings you!
The killer bee closely misses you.
You feel better. The killer bee closely misses you. x2
The killer bee barely misses you. You block the killer bee's attack. x2
The killer bee stings you. The killer bee closely misses you.
The killer bee misses you. You block the killer bee's attack.
The killer bee stings you. The killer bee barely misses you.
The killer bee stings you.
You are poisoned.
The killer bee poisons you!
You climb upwards.
You feel very sick.
There is a stone staircase leading down here.
The killer bee attacks as you move away!
You block the killer bee's attack.
The killer bee attacks as you move away!
The killer bee closely misses you.
You feel sick.
The killer bee stings you but does no damage.
The killer bee stings you.
* * * LOW HITPOINT WARNING * * *
The killer bee stings you.
* * * LOW HITPOINT WARNING * * *
You feel sick. You block the killer bee's attack.
The killer bee closely misses you.
The killer bee attacks as you move away!
The killer bee stings you.
* * * LOW HITPOINT WARNING * * *
You feel sick. The killer bee closely misses you.
The killer bee barely misses you.
Unknown command.
You feel sick. The killer bee stings you!
* * * LOW HITPOINT WARNING * * *
The killer bee stings you!
You die...
Kikubaaqudgha rasps: "You have failed me!
Welcome... death!"

#.....##..###....######..##...##.
'.....#....+...................#.
#.....#....#...................#.
#.....#........................#.
#....)#.###...>................#.
##........##...................#.
##....#.#..#.8.#y###############.
......#..#.#...yy##########..###.
##....##..)####.@..)'............
##.....####...##...[#............
##........#.#..#.).##............
........8.#..#.#.####..##....####
......#...##.......##..##....##..
##....##...###.....#....#........
#####'##.......#...##...'........
##....##..#Z..##+####...#........
#.....'...#...'....##..##....##'#


You could see 3 killer bees.

Vanquished Creatures
  Maggie (D:7)
  A wyvern (D:7)
  A steam dragon (D:6)
  A water moccasin (D:6)
  An acid dragon (D:5)
  An orc warrior (D:6)
  4 ice beasts
  A sky beast (D:7)
  3 ogres
  3 centaurs
  A phantom (D:4)
  A bullfrog (D:6)
  4 scorpions
  A killer bee (D:7)
  2 hounds
  3 jellies
  An orc priest (D:7)
  Crazy Yiuf (D:3)
  A scorpion zombie (D:4)
  Ijyb (D:3)
  4 orc wizards
  A howler monkey zombie (D:4)
  4 gnolls (D:2)
  10 adders
  A howler monkey skeleton (D:4)
  3 ufetubi
  2 adder zombies (D:4)
  3 worms
  A dart slug (D:3)
  19 orcs
  5 ball pythons
  4 bats
  5 endoplasms
  4 giant cockroaches
  6 goblins
  5 hobgoblins
  10 kobolds
  6 quokkas
  5 frilled lizards
  A jackal zombie (D:4)
  A quokka zombie (D:4)
  6 rats
139 creatures vanquished.

Vanquished Creatures (collateral kills)
  A wyvern (D:7)
  2 ogres
  A hound (D:7)
  An iguana (D:6)
  An orc wizard (D:6)
  2 hound zombies (D:4)
  An ufetubus (D:4)
  4 orcs
  A giant cockroach (D:2)
  2 hobgoblins
  A ball python (D:1)
  An orc zombie (D:7)
18 creatures vanquished.

Vanquished Creatures (others)
  2 centaur zombies
  An orc wizard (D:6)
  A hound zombie (D:5)
  A giant cockroach zombie (D:4)
  A kobold zombie (D:4)
  5 orc zombies (D:6)
11 creatures vanquished.

Grand Total: 168 creatures vanquished

Notes
Turn   | Place    | Note
-------+----------+-------------------------------------------
     0 | D:1      | greasedhog the Demonspawn Necromancer began the quest for
                  | the Orb.
     0 | D:1      | Reached XP level 1. HP: 13/13 MP: 3/3
   225 | D:1      | Gained mutation: You have a pair of small antennae on your
                  | head. [demonic ancestry]
   225 | D:1      | Reached XP level 2. HP: 20/20 MP: 1/5
   315 | D:1      | Reached skill level 1 in Fighting
   643 | D:2      | HP: 1/21 [adder (2)]
   650 | D:2      | Gained mutation: You have a pair of antennae on your head.
                  | [demonic ancestry]
   650 | D:2      | Reached XP level 3. HP: 11/26 MP: 4/6
   726 | D:2      | Learned a level 3 spell: Vampiric Draining
   943 | D:2      | Reached skill level 5 in Necromancy
  1532 | D:2      | Reached XP level 4. HP: 33/33 MP: 3/7
  2007 | D:3      | Noticed Ijyb
  2022 | D:3      | Killed Ijyb
  2050 | D:3      | Gained mutation: You have a pair of large antennae on your
                  | head. (SInv) [demonic ancestry]
  2050 | D:3      | Reached XP level 5. HP: 24/39 MP: 2/9
  2356 | D:3      | Found a runed translucent door.
  2357 | D:3      | Noticed Crazy Yiuf
  2365 | D:3      | Killed Crazy Yiuf
  2671 | D:3      | Learned a level 4 spell: Animate Dead
  2711 | D:3      | Found a sacrificial altar of Ru.
  2913 | D:3      | Found Sasacer's Antique Weapon Boutique.
  3386 | D:3      | Noticed Grinder
  3406 | D:3      | Paralysed by Grinder for 5 turns
  3987 | D:4      | Noticed a phantom
  4072 | D:4      | Gained mutation: You have an unusually large brain. (Int
                  | +2) [demonic ancestry]
  4072 | D:4      | Reached XP level 6. HP: 46/47 MP: 2/10
  4145 | D:4      | Reached skill level 6 in Necromancy
  4262 | D:4      | Found Xuamidya's Fire Supplies.
  4411 | D:4      | Gained mutation: A meltable shield of frost defends you.
                  | (SH +4) [demonic ancestry]
  4411 | D:4      | Reached XP level 7. HP: 28/54 MP: 7/11
  4565 | D:4      | Found Ruamisk's Weapon Emporium.
  5411 | D:5      | Entered Level 5 of the Dungeon
  5624 | D:5      | Found a runed translucent gate.
  5625 | D:5      | Found a runed translucent gate.
  5681 | D:5      | Reached skill level 7 in Necromancy
  5757 | D:5      | Found a staircase to the Ecumenical Temple.
  5761 | Temple   | Entered the Ecumenical Temple
  5989 | Temple   | Became a worshipper of Kikubaaqudgha
  6345 | D:5      | Found a runed translucent gate.
  6441 | D:5      | Reached skill level 5 in Fighting
  6695 | D:5      | Noticed gebbletook2's ghost (novice VSFi)
  7271 | D:6      | Reached skill level 5 in Stealth
  7271 | D:6      | Reached XP level 8. HP: 25/62 MP: 0/12
  7290 | D:6      | Found Ceeluc's Antique Armour Shop.
  7317 | D:6      | Bought a glowing robe for 103 gold pieces
  7832 | D:6      | Reached skill level 8 in Necromancy
  8093 | D:6      | Found a runed translucent door.
  8093 | D:6      | Found a shimmering altar of Xom.
  8093 | D:6      | Noticed a +1 scimitar of chaos
  8093 | D:6      | Noticed xian's ghost (novice GrFi)
  8327 | D:6      | Reached * piety under Kikubaaqudgha
  8327 | D:6      | Received a gift from Kikubaaqudgha
  8334 | D:6      | Learned a level 5 spell: Agony
  8337 | D:6      | Learned a level 2 spell: Sublimation of Blood
  8459 | D:6      | Gained mutation: You regenerate magic rapidly. [demonic
                  | ancestry]
  8459 | D:6      | Reached XP level 9. HP: 71/71 MP: 1/16
  8891 | D:7      | Reached skill level 5 in Spellcasting
  8972 | D:7      | Reached skill level 9 in Necromancy
  9324 | D:7      | Noticed Maggie
  9335 | D:7      | Killed Maggie
  9602 | D:7      | Found an ornate altar of the Wu Jian Council.
  9668 | D:7      | Found a broken altar of Ashenzari.
 10411 | D:7      | Slain by a killer bee

Illustrated notes

Levels and vault maps discovered:
D:1:      scummos_arrival_hexagon, layout_basic
D:2:      layout_loops_ring, minmay_vboxes
D:3:      layout_loops_corners, nicolae_ru_the_path_less_chosen, serial_shops,
          nicolae_shop_overgrown_old_shop, minmay_starry_boxes, uniq_ijyb,
          uniq_crazy_yiuf_cottage, uniq_grinder
D:4:      layout_cave_pools, serial_shops, nicolae_shop_bloodbath_and_beyond,
          serial_undead, serial_undead_f, serial_undead_d, serial_undead_e,
          serial_undead_e, nicolae_shop_fire_sale [nicolae_sub_dead_trees]
D:5:      layout_cave_pools, dreamdust_divine_triumvirate,
          minmay_temple_entry_drinking_statues, serial_column_ruins,
          column_ruins_columns_water, column_ruins_open_medium_water,
          column_ruins_open_small, column_ruins_grid_3, gammafunk_ghost_icy,
          serial_bayou_lagoon_a
D:6:      layout_loops_cross, ebering_ghost_xom, serial_shops, shop,
          sigmund_army
D:7:      layout_gridville, evilmike_ruin_ashenzari,
          nicolae_wu_jian_wuxing_cycle, minmay_bent, uniq_maggie
D:8:      layout_rooms, enter_bailey_6, skrybe_limestone_x
Temple:   regret_index_temple_sphere_string

Skill      XL: |  1  2  3  4  5  6  7  8  9 |
---------------+----------------------------+-----
Fighting       | 1 2 3 4 5 6 7 |  7.8
Necromancy     | 5 6 7 8 9 |  9.8
Stealth        | 2 3 4 5 |  5.1
Spellcasting   | 3 4 6 |  6.1
Dodging        | |  1.7

Action                   |  1- 3 |  4- 6 |  7- 9 || total
-------------------------+-------+-------+-------++-------
Melee: Mace              |    12 |    50 |   153 ||   215
       Punch             |       |     1 |     6 ||     7
 Cast: Necrotize         |    55 |   115 |   109 ||   279
       Animate Dead      |       |     1 |    12 ||    13
       Vampiric Draining |       |       |    20 ||    20
       Agony             |       |       |    12 ||    12
Evoke: Wand              |       |     3 |       ||     3
  Use: Potion            |     3 |       |     2 ||     5
       Scroll            |       |     2 |     2 ||     4
 Stab: Distracted        |       |     2 |       ||     2
       Sleeping          |       |       |     2 ||     2
Armor: Robe              |     4 |    27 |   113 ||   144
Dodge: Dodged            |    21 |    60 |   243 ||   324
Block: Other             |       |       |    74 ||    74

Table legend: (Time is in decaauts)
 A = Elapsed time spent in this place.
 B = Non-inter-level travel time spent in this place.
 C = Inter-level travel time spent in this place.
 D = Time resting spent in this place.
 E = Time spent auto-exploring this place.
 F = Levels seen in this place.
 G = Mean time per level.
                   A        B        C        D        E       F      G
               +--------+--------+--------+--------+--------+-----+--------+
         Total |  10506 |  10164 |    342 |   2053 |   6276 |   9 | 1167.3 |
       Dungeon |  10252 |   9945 |    307 |   2053 |   6074 |   8 | 1281.5 |
        Temple |    253 |    218 |     35 |      0 |    202 |   1 |  253.0 |
               +--------+--------+--------+--------+--------+-----+--------+

Top non-repeatable levels by time:
     D:3: 2194 daAuts
     D:7: 1652 daAuts
     D:5: 1566 daAuts
     D:6: 1539 daAuts
     D:2: 1523 daAuts
     D:4: 1202 daAuts
     D:1: 535 daAuts
  Temple: 253 daAuts
     D:8: 40 daAuts
